 Dungeon Crawl Stone Soup version 0.30.0-10-gfe55d96785 (webtiles) character file.

Game seed: 13536796768328075447

5 Epykuis the Chopper (level 1, 0/18 HPs)
             Began as a Hill Orc Reaver on May 16, 2023.
             Constricted to death by a ball python (1 damage)
             ... on level 1 of the Dungeon.
             The game lasted 00:02:19 (178 turns).

Epykuis the Chopper (Hill Orc Reaver)                Turns: 178, Time: 00:02:19

Health: 0/18       AC:  5    Str: 14    XL:     1   Next: 80%
Magic:  3/3        EV:  7    Int: 13    God:
Gold:   12         SH:  0    Dex:  9    Spells: 2/3 levels left

rFire   . . .        a - +0 hand axe
rCold   . . .        (no shield)
rNeg    . . .        d - +0 ring mail
rPois   .            (no helmet)
rElec   .            (no cloak)
rCorr   .            (no gloves)
SInv    .            (no boots)
Will    .....        (no amulet) Stlth
                     (no ring)
HPRegen 0.23/turn    (no ring)
MPRegen 0.08/turn

%: no passive effects
@: constricted
A: no striking features
a: no special abilities


You were on level 1 of the Dungeon.
You visited 1 branch of the dungeon, and saw 1 of its levels.

You collected 12 gold pieces.

Inventory:

Hand Weapons
 a - a +0 hand axe (weapon)
Missiles
 c - 11 stones
Armour
 b - a +0 leather armour
 d - a +0 ring mail (worn)
Scrolls
 e - a scroll of identify {unknown}
Potions
 f - a potion of invisibility {unknown}


   Skills:
 + Level 2.6 Fighting
 + Level 4.2 Axes
 + Level 1.5 Dodging
 + Level 1.5 Spellcasting
 + Level 3.1 Conjurations


You had 2 spell levels left.
You knew the following spells:

 Your Spells              Type           Power      Damage    Failure   Level
a - Kiss of Death         Conj/Necr      20%        2d7       28%         1

Your spell library contained the following spells:

 Spells                   Type           Power      Damage    Failure   Level
 Momentum Strike          Conj/Tloc      10%        3d8       41%         2
 Hailstorm                Conj/Ice       5%         3d4       65%         3


Dungeon Overview and Level Annotations

Branches:
Dungeon (1/15)

Altars:


Message History

The ball python attacks as you move away!
The ball python bites you but does no damage.
The ball python closely misses you.
The ball python bites you but does no damage.
The ball python grabs you. The ball python constricts you.
You escape the ball python's grasp.
You barely miss the ball python. The ball python bites you.
The ball python closely misses you. The ball python barely misses you.
The ball python closely misses you.
You hit the ball python.
You kill the ball python!
You hit the ball python but do no damage.
The bat barely misses you.
The ball python bites you but does no damage.
The ball python closely misses you. The ball python barely misses you.
The ball python grabs you. The ball python constricts you.
You barely miss the hobgoblin.
You hit the ball python but do no damage.
The bat barely misses you. The hobgoblin hits you.
The ball python barely misses you. The ball python constricts you.
You hit the hobgoblin but do no damage. You closely miss the bat.
You closely miss the ball python. The bat hits you but does no damage.
The ball python bites you. The ball python constricts you.
The hobgoblin hits you.
* * * LOW HITPOINT WARNING * * *
You barely miss the hobgoblin. You closely miss the bat.
You hit the ball python. The bat hits you.
* * * LOW HITPOINT WARNING * * *
The ball python barely misses you. The ball python constricts you.
* * * LOW HITPOINT WARNING * * *
The hobgoblin hits you but does no damage.
The ball python barely misses you. The ball python constricts you.
You hit the hobgoblin.
You kill the hobgoblin!
You hit the ball python but do no damage.
You hit the bat but do no damage. The bat hits you but does no damage.
The bat closely misses you.
The ball python bites you but does no damage.
The ball python constricts you.
You die...

..........# #.#####
.......$..# #.#...
..........#
#.#.####
..........###......
.....?...........#
.................#
.................#
#########.Sb.....#
#.†@.....#
#........#
#........#
###........#
..[........#
...........#
.....#####'######
................#
...............#


You could see a bat and a ball python.

Vanquished Creatures
  A ball python (D:1)
  2 endoplasms (D:1)
  A giant cockroach (D:1)
  A hobgoblin (D:1)
5 creatures vanquished.

Notes
Turn   | Place    | Note
-------+----------+-------------------------------------------
     0 | D:1      | Epykuis the Hill Orc Reaver began the quest for the Orb.
     0 | D:1      | Reached XP level 1. HP: 18/18 MP: 3/3
   178 | D:1      | Constricted to death by a ball python

Illustrated notes

Levels and vault maps discovered:
D:1:      eino_arrival_cavern_e, layout_basic, serial_shops, shop,
          hellmonk_ecumenical_altar_lost_god, bh_walls_and_bars

Action                     || total
---------------------------++-------
  Melee: Hand axe          ||    18
 Armour: Ring mail         ||    15
  Dodge: Dodged            ||    27
